 Dungeon Crawl Stone Soup version 0.32-a0-791-gfc315c9ecd (webtiles) character file.

Game seed: 5384498866333573423

368 Kenran the Ruffian (level 6, -17/52 HPs)
             Began as a Minotaur Ice Elementalist on Mar 20, 2024.
             Was an Initiate of Hepliaklqana.
             Demolished by an ogre
             ... wielding a +0 giant spiked club
              (30 damage)
             ... on level 4 of the Dungeon.
             The game lasted 00:05:39 (4305 turns).

Kenran the Ruffian (Minotaur Ice Elementalist)      Turns: 4305, Time: 00:05:40

Health: -17/52     AC:  9    Str: 14    XL:     6   Next: 41%
Magic:  7/7        EV:  4    Int: 12    God:    Hepliaklqana [......]
Gold:   129        SH:  6    Dex: 11    Spells: 6/7 levels left

rFire   . . .        a - +2 short sword (venom)
rCold   . . .        l - +0 kite shield
rNeg    . . .        m - +0 chain mail
rPois   .            (helmet restricted)
rElec   .            (no cloak)
rCorr   .            e - +0 pair of gloves
SInv    .            (no boots)
Will    .....        (no amulet) Stlth
                     (no ring)
HPRegen 0.28/turn    (no ring)
MPRegen 0.10/turn

%: no passive effects
@: no status effects
A: horns 2, retaliatory headbutt
a: Renounce Religion


You were on level 4 of the Dungeon.
You worshipped Hepliaklqana.
Hepliaklqana was noncommittal.
You visited 2 branches of the dungeon, and saw 5 of its levels.

You collected 129 gold pieces.

Inventory:

Hand Weapons
 a - a +2 short sword of venom (weapon)
Missiles
 j - 3 curare-tipped darts
Armour
 e - a +0 pair of gloves (worn)
 l - a +0 kite shield (worn)
 m - a +0 chain mail (worn)
Wands
 i - a wand of acid (12)
 o - a wand of warping (11)
Scrolls
 c - a scroll of fog {unknown}
 f - 2 scrolls of identify {unknown}
 g - a scroll of immolation {unknown}
 h - a scroll of fear {unknown}
 k - a scroll of teleportation {unknown}
Potions
 b - 2 potions of magic
 d - a potion of might


   Skills:
 - Level 4.0 Fighting
 + Level 3.3 Short Blades
 - Level 2.0 Armour
 - Level 2.1 Dodging
 - Level 1.5 Stealth
 - Level 4.2 Unarmed Combat
 - Level 1.3 Spellcasting
 - Level 2.9 Ice Magic


You had 6 spell levels left.
You knew the following spells:

 Your Spells              Type           Power      Damage    Failure   Level
a - Freeze                Ice            28%        1d5       99%         1

Your spell library contained the following spells:

 Spells                   Type           Power      Damage    Failure   Level
 Magic Dart               Conj           0%         1d3       100%        1
 Searing Ray              Conj           0%         2d4       100%        2
 Frozen Ramparts          Ice            14%        1d3       100%        3
 Ozocubu's Armour         Ice            7%         N/A       100%        3
 Summon Ice Beast         Ice/Summ       4%         N/A       100%        3
 Fulminant Prism          Conj/Alch      0%         3d5       100%        4
 Vhi's Electric Charge    Tloc/Air       0%         N/A       100%        4
 Arcjolt                  Conj/Air       0%         1d10      100%        5
 Plasma Beam              Fire/Air       0%         2x1d10    100%        6


Dungeon Overview and Level Annotations

Branches:
Dungeon (4/15)             Temple (1/1) D:4

Altars:
Cheibriados
Dithmenos
Elyvilon
Gozag
Hepliaklqana
Kikubaaqudgha
Makhleb
Nemelex Xobeh
Okawaru
Qazlal
Ru
Uskayaw
Vehumet
Xom
Zin

Annotations:
D:3 exclusion: downstairs


Innate Abilities, Weirdness & Mutations

You have a pair of horns on your head.
You reflexively headbutt those who attack you in melee.


Message History

The adder bites you but does no damage.
You hit the adder.
The adder looks as sick as possible!
The adder is almost dead.
You kill the adder!
No target in view!
You see here an adder corpse.
Found a quarterstaff.
The ogre shouts!
An ogre comes into view. It is wielding a +0 giant club.
The ogre shouts!
You hear an angry hiss.
An adder comes into view.
You hit the ogre. Your headbutt misses the ogre.
The ogre is lightly wounded.
The ogre hits you with a +0 giant spiked club!
You hit the ogre.
The ogre is lightly wounded.
You block the ogre's attack.
You hit the ogre.
The ogre is poisoned.
The ogre is moderately wounded.
You barely miss the ogre.
The ogre is moderately wounded.
The ogre barely misses you.
You hit the ogre.
The ogre is heavily wounded.
The ogre hits you with a +0 giant spiked club!
You are too injured to fight recklessly!
You barely miss the ogre.
The ogre is heavily wounded.
You hit the ogre.
The ogre is heavily wounded.
The ogre hits you with a +0 giant spiked club!!
* * * LOW HITPOINT WARNING * * *
You hit the ogre.
The ogre looks even sicker.
The ogre is almost dead.
You block the ogre's attack. The ogre attacks as it pursues you!
The ogre hits you with a +0 giant spiked club!!
Ouch! That really hurt!
You die...
Hepliaklqana delivers you to your ancestors.

#.###.........## ##...##
#.# ##........# ##.##
#.###########.# #.#
#.........###.## #)#
#..####.#.##...## #.#
#..##.....†[....########.#
#..##.#.#.##†............#
#.....#.#.###.############
##.####.#.# #@# #......#.#
#O# #........# #.#
########## #S# ####O######
#.........# #.##.####...
.. #.# #.# #.#


You could see 2 ogres and an adder.

Vanquished Creatures
  A scorpion (D:4)
  A howler monkey (D:3)
  2 hounds (D:4)
  Ijyb (D:4)
  8 gnolls (D:3)
  2 adders
  4 ribbon worms
  3 dart slugs
  5 orcs (D:3)
  2 ball pythons (D:4)
  5 bats
  6 endoplasms
  A giant cockroach (D:1)
  5 goblins
  6 hobgoblins
  4 quokkas
  5 frilled lizards
  8 kobolds
  6 rats
  A butterfly (D:4)
76 creatures vanquished.

Notes
Turn   | Place    | Note
-------+----------+-------------------------------------------
     0 | D:1      | Kenran the Minotaur Ice Elementalist began the quest for
                  | the Orb.
     0 | D:1      | Reached XP level 1. HP: 14/14 MP: 1/1
    80 | D:1      | Reached skill level 1 in Unarmed Combat
   187 | D:1      | Reached XP level 2. HP: 20/20 MP: 3/3
   797 | D:2      | Reached XP level 3. HP: 21/26 MP: 4/4
   954 | D:2      | Reached skill level 1 in Fighting
  1602 | D:3      | Identified the +0 leather armour "Racvedyo" {Dex+5}
  1736 | D:3      | Reached skill level 1 in Armour
  1737 | D:3      | Reached XP level 4. HP: 16/36 MP: 5/5
  2135 | D:3      | Reached XP level 5. HP: 41/41 MP: 6/6
  2260 | D:3      | Found a faded altar of an unknown god.
  2475 | D:3      | Reached skill level 1 in Short Blades
  3637 | D:4      | Noticed an ogre
  3830 | D:4      | Found a staircase to the Ecumenical Temple.
  3850 | Temple   | Entered the Ecumenical Temple
  3896 | Temple   | Became a worshipper of Hepliaklqana the Forgotten
  3934 | D:4      | Reached XP level 6. HP: 52/52 MP: 7/7
  4028 | D:4      | Noticed Ijyb
  4038 | D:4      | Killed Ijyb
  4191 | D:4      | Found a radiant altar of Vehumet.
  4305 | D:4      | Demolished by an ogre

Illustrated notes

Levels and vault maps discovered:
D:1:      dpeg_arrival_connections, layout_basic, dk_noncrumbling_3
D:2:      layout_loops_cross
D:3:      layout_basic, dreamdust_ecumenical_altar_hidden_monk_grotto
D:4:      cheibrodos_quashed, layout_loops_corners, nicolae_vehumet_radiance,
          minmay_temple_entry_butterflies, serial_shops, nicolae_shop_trees,
          uniq_ijyb
Temple:   zaba_magenta_temple

Skill      XL: |  1  2  3  4  5  6 |
---------------+-------------------+-----
Unarmed Combat | 1 3 4 |  4.2
Fighting       | 2 3 4 |  4.0
Armour         | 1 2 |  2.0
Short Blades   | 2 3 |  3.3
Dodging        | |  2.1
Stealth        | |  1.5
Spellcasting   | |  1.3
Ice Magic      | |  2.9

Action                     |  1- 3 |  4- 6 || total
---------------------------+-------+-------++-------
  Melee: Dagger            |    87 |    35 ||   122
         Headbutt          |    16 |    33 ||    49
         Unarmed           |     3 |       ||     3
         Short sword       |       |    92 ||    92
    Use: Potion            |     3 |       ||     3
   Stab: Sleeping          |     2 |       ||     2
 Armour: Robe              |    36 |       ||    36
         Skin              |     6 |     2 ||     8
         Chain mail        |     3 |    83 ||    86
  Dodge: Dodged            |    47 |    23 ||    70
  Block: Kite shield       |       |    30 ||    30

Table legend: (Time is in decaauts)
 A = Elapsed time spent in this place.
 B = Non-inter-level travel time spent in this place.
 C = Inter-level travel time spent in this place.
 D = Time resting spent in this place.
 E = Time spent auto-exploring this place.
 F = Levels seen in this place.
 G = Mean time per level.
                   A        B        C        D        E       F      G
               +--------+--------+--------+--------+--------+-----+--------+
         Total |   4326 |   3994 |    332 |    526 |   2706 |   5 |  865.2 |
       Dungeon |   4265 |   3961 |    304 |    495 |   2706 |   4 | 1066.2 |
        Temple |     61 |     33 |     28 |     31 |      0 |   1 |   61.0 |
               +--------+--------+--------+--------+--------+-----+--------+

Top non-repeatable levels by time:
     D:3: 2313 daAuts
     D:2: 767 daAuts
     D:1: 750 daAuts
     D:4: 432 daAuts
  Temple: 61 daAuts
